[Event "FIDE Candidates 2026"]
[Site "Pegeia, Cyprus"]
[Date "2026.04.08"]
[Round "9.2"]
[White "Caruana, Fabiano"]
[Black "Giri, Anish"]
[Result "0-1"]
[ECO "C54"]
[WhiteElo "2795"]
[BlackElo "2753"]
[Annotator "Rafael Leitao"]
[PlyCount "86"]
[EventDate "2026.??.??"]
[TimeControl "40/7200:1800+30"]

{[%evp 0,86,20,37,41,17,17,17,17,17,18,18,42,-5,-2,-16,-3,-8,-21,-37,14,-15,-5,-1,-1,-25,8,-10,11,-10,0,11,30,-7,5,-17,5,-7,-18,-21,-1,-9,8,5,16,-35,-23,-23,-21,-59,-15,-61,-60,-57,-55,-68,-65,-51,-45,-67,-65,-62,-58,-62,-61,-64,-53,-42,-63,-48,-53,-84,-84,-79,-79,-87,-87,-99,-103,-135,-107,-107,-74,-140,-105,-179,-1024,-1143,-1216] 0-} 1. e4 {Tactical Analysis 7.1} e5 2. Nf3 Nc6 3. Bc4 Bc5 4. O-O Nf6 5. d3 O-O 6. Nbd2 d6 7. c3 a5 {Esta é uma das melhores formas de enfrentar a Abertura Italiana. Há muito debate sobre diferentes ordens de lances e se as Pretas devem jogar ...a5 ou ...a6, mas, contra a forma como Giri conduziu a partida, ganhando espaço na ala da dama, é muito difícil para as Brancas demonstrarem qualquer iniciativa aqui. Tactical Analysis 7.1: 'C54: Giuoco Piano: 4 c3 Nf6, main lines with 5 d4 and 5 d3.'} 8. h3 Be6 9. Bb5 {A única desvantagem de jogar …a7-a5 é que a casa b5 fica disponível para o bispo das Brancas.} Ba7 {Um lance profilático típico, antecipando o avanço central d3-d4. Tactical Analysis 7.1: '!' Tactical Analysis 7.1: 'The position is equal. is now more promising than 9...h6.'} 10. Re1 Ne7 $1 {Uma manobra bem conhecida. O cavalo vai para g6 e as Pretas podem jogar …c7-c6.} 11. d4 Ng6 12. Bd3 ({RR} 12. Ba4 {Tactical Analysis 7.1} exd4 13. cxd4 d5 14. e5 Nh5 15. Nf1 Nhf4 16. Bxf4 Nxf4 17. Qd2 Ng6 18. Bc2 c5 19. Rad1 Rc8 20. Ng3 cxd4 21. Bd3 Re8 22. Ng5 Bd7 23. f4 f6 24. e6 Ba4 25. Nxh7 Bxd1 26. Bxg6 Bc2 {Giri,A (2760)-Le,Q (2728) Miami 2022 0-1 (46)}) ({RR} 12. Nf1 {Tactical Analysis 7.1} c6 13. Bd3 Nh5 14. Be3 Nhf4 15. Bc2 Qc8 16. Ng5 Bd7 17. dxe5 dxe5 18. Bxa7 Rxa7 19. Re3 h6 20. Nf3 Rd8 21. N1d2 Ra8 22. Qf1 b5 23. h4 a4 24. a3 Bg4 25. g3 Bh3 26. Qc1 Ng2 {Zhigalko,S (2572)-Oro,F (2516) chess.com INT 2026 0-1 (54)}) 12... Nh5 {O cavalo está indo em direção a f4. Ambos os lados jogaram relativamente rápido até aqui, gastando cerca de 10 minutos, mas agora Caruana começou a pensar.} 13. Nf1 Nhf4 14. Ng3 {Este lance não parece ideal, pois, com a troca do cavalo pelo bispo de casas claras, a posição das Pretas se torna muito confortável e a abertura pode ser considerada um sucesso para Giri. Tactical Analysis 7.1: 'N'} ({Tactical Analysis 7.1: 'RR'} 14. Bc2 {foi jogado por alguns GMs fortes e parece mais desafiador. Uma possível continuação é} Qd7 {O sacrifício em h3 é um pouco assustador, mas as Brancas conseguem manter o controle.} (14... Qf6 {Tactical Analysis 7.1} 15. Ng3 Nh4 16. Nxh4 Qxh4 17. Be3 g6 18. Qf3 Qf6 19. Kh2 Kg7 20. Ne2 Nh5 21. Qxf6+ Nxf6 22. f4 Nd7 23. g4 f6 24. b3 c5 25. fxe5 fxe5 26. d5 Bf7 27. c4 Bg8 28. Kg2 Bb6 {Arnold,M (2286)-Walter,A (2127) Schwaebisch Gmuend 2018 ½-½ (36)}) 15. Ne3 exd4 16. cxd4 (16. Nxd4 {Tactical Analysis 7.1} Rae8 17. Nef5 d5 18. Bxf4 Nxf4 19. Qg4 Bxd4 20. cxd4 Ng6 21. h4 dxe4 22. Bxe4 Bxf5 23. Bxf5 Qd6 24. h5 Nf4 25. g3 Nd5 26. Bc2 c6 27. Bb3 Nf6 28. Qg5 Qxd4 {Bilych,O (2433)-Kelires,A (2505) Sitges ESP 2023 1-0 (73)}) 16... Rae8 {com uma grande luta pela frente, mas as Pretas estão bem. Antipov-Kantor, Saint Louis op 2026.}) 14... Nxd3 {É importante capturar o bispo antes que ele possa retornar a f1. Tactical Analysis 7.1: 'N'} ({Tactical Analysis 7.1: 'Predecessor:'} 14... exd4 {primeiro também é possível, quando as Pretas capturam o bispo no lance seguinte.} 15. cxd4 Nxd3 16. Qxd3 d5 $1 17. e5 f6 {com uma boa posição para as Pretas. Como podemos ver, a abertura das Brancas foi inofensiva, um caso raro em que Caruana e sua equipe não conseguiram criar problemas para o adversário. Sklokin-Lu, Budapeste 2024,} 18. exf6 {Tactical Analysis 7.1} Qxf6 19. Bg5 Qf7 20. Kh2 c6 {½-½ Sklokin,S (2329)-Lu,M (2441) Budapest One Week GM-A 12 2024 (6)}) 15. Qxd3 a4 $5 {Simplesmente ganhando espaço na ala da dama.} (15... exd4 {pode transpor para a partida mencionada no comentário anterior. As Brancas também podem capturar com o cavalo:} 16. Nxd4 {com uma posição equilibrada.}) 16. d5 {Um lance surpreendente, pois facilita a tarefa das Pretas. Provavelmente Caruana apenas quis evitar que as Pretas capturassem em d4.} (16. Be3 {é uma tentativa melhor, mantendo a tensão central.}) 16... Bd7 17. Bg5 f6 18. Be3 Bxe3 19. fxe3 {Um lance necessário, caso contrário o cavalo das Pretas pode ir para f4 e as Pretas simplesmente ficam melhor.} b5 $1 {A nice positional idea, preparing Qb8-b6.} 20. b4 axb3 21. axb3 Qb8 {A posição das Pretas é muito mais fácil de jogar, mas a vantagem ainda não é substancial.} 22. c4 Qb6 23. Nf5 Rfe8 24. N3h4 b4 $1 {Gosto muito da decisão de Giri. Pode parecer contra-posicional fechar a ala da dama, mas a ideia é apoiar a torre em a3, garantindo o controle da coluna “a”.} 25. Kh2 {As Brancas fazem um lance útil. O problema é que não têm um plano ativo.} Ra3 26. Rab1 {É necessário ceder a coluna “a”, já que capturar em a3 e deixar as Pretas com um peão passado está fora de cogitação.} Ra2 27. Qd1 {Tactical Analysis 7.1: 'Qg4 is the strong threat.'} Nxh4 28. Nxh4 Rea8 {Ainda não é fácil quebrar a resistência das Brancas, já que elas não têm fraquezas.} 29. Re2 Qa7 30. Rc1 Qb6 31. Nf3 $6 {O retorno do cavalo é passivo. Teria sido melhor levá-lo a f5 para tentar alguma atividade.} (31. Nf5) 31... h6 (31... R8a3 {é uma continuação natural, preparando para triplicar as peças pesadas na coluna “a”.}) 32. Ne1 $6 {O cavalo continua sua infeliz jornada.} (32. Nh4 {era melhor.}) 32... Kh7 {Tactical Analysis 7.1: 'Black is much more active.'} 33. Rxa2 Rxa2 34. Nc2 $6 {A cada lance da jornada do cavalo até c2, a posição das Brancas foi se deteriorando gradualmente, até se tornar crítica neste momento. Em c2, o cavalo não consegue defender a fraqueza em e4, fato explorado por Giri com seu próximo lance.} (34. Rc2 {oferece melhores chances de defesa.}) 34... Be8 $1 {O bispo vai para g6. As Pretas estão ganhas.} 35. Qd3 Bg6 (35... Qa5 {é uma boa alternativa, impedindo o próximo lance das Brancas.}) 36. Ra1 {[%eval -194,19] [%wdl 0,2,998] Tactical Analysis 7.1: '[#]'} (36. Rd1 $17 {[%eval -137,21] [%wdl 0,88,912] Tactical Analysis 7.1}) 36... Rxa1 $6 {[%eval -107,22] [%wdl 0,387,613] A troca de torres facilita a tarefa das Brancas.} (36... Rb2 $1 {[%eval -194,19] [%wdl 0,2,998] leva a uma partida fácil; as Brancas estão paralisadas. Se o cavalo iniciar o caminho de volta, então após Tactical Analysis 7.1: '-+!' Tactical Analysis 7.1: 'and ...c6 should not be overlooked'} 37. Ne1 (37. Ra4 {Tactical Analysis 7.1} c5) 37... c6 $1 38. Nf3 cxd5 39. cxd5 Qc5 {seguido de Dc3, as Pretas vencem.}) 37. Nxa1 {Tactical Analysis 7.1: '-+' Tactical Analysis 7.1: 'Endgame KQB-KQN'} c5 $6 {Este lance joga fora a vitória.} (37... Qa5 {mantém a pressão:} 38. Nc2 h5 {As Brancas vão sofrer por muito tempo, mas ainda têm algumas chances de empate.}) 38. Kg3 $2 {[%eval -365,16] [%wdl 0,0,1000] Um lance horrível, provavelmente causado pela falta de tempo. Em circunstâncias normais, Caruana, sem dúvida, teria encontrado o lance correto. Tactical Analysis 7.1: 'This costs White the game.'} (38. dxc6 $1 {[%eval -86,19] [%wdl 0,709,291] Tactical Analysis 7.1: ''} Qxc6 39. Nc2 $1 {Este é o ponto. As Brancas chegam a tempo de iniciar um contra-ataque contra o peão em b4.} Bxe4 (39... Qb7 {não altera a avaliação:} 40. Qxd6 Qxe4 41. Nxb4 Qxe3 42. Nd5 {com igualdade. O peão de c é forte.}) 40. Nxb4 Qa8 41. Qd2 {com um empate.}) 38... Qa7 39. Qb1 (39. Nc2 Qa2 {A dama invade a posição das Brancas.}) 39... h5 (39... Qf7 {Giri afirmou que se arrependeu de não ter jogado esse lance seguido de f5. Mas, nesse caso, os fãs de xadrez teriam sido privados do belo desfecho desta partida.}) 40. Kf3 h4 {As Pretas estão prontas para o plano decisivo com Df7 seguido de f5.} 41. Kg4 {As Brancas tentam uma ideia desesperada.} (41. Nc2 Qf7 42. Ne1 f5 (42... Bh5+ 43. Kf2 Qg6 {também vence facilmente.})) 41... Qe7 42. Qd3 {[%eval -32729,21] [%wdl 0,0,1000] Tactical Analysis 7.1: '?' Tactical Analysis 7.1: '[#]'} (42. Qe1 {[%eval -368,19] [%wdl 0,0,1000] é melhor, mas ainda assim está completamente perdido, por exemplo: Tactical Analysis 7.1: '-+'} Bxe4 (42... Kg8 {pode ser ainda melhor.}) 43. Qxh4+ Kg8 44. Kg3 Bd3 {Pobre cavalo em a1.}) 42... f5+ $3 {Uma maneira linda de encerrar a partida. Tactical Analysis 7.1: '!'} 43. exf5 {Tactical Analysis 7.1: '[#]'} Kh6 $3 {As Brancas ou levam mate ou perdem a dama. Tactical Analysis 7.1: '!' Tactical Analysis 7.1: 'Weighted Error Value: White=0.42/Black=0.08 (flawless)  Loses game:   	White=1   	---    Mistake:    	White=2   	Black=1   Inaccurate:   	White=5   	Black=1   OK:     	White=17  	Black=17   Brilliant:   	---    	Black=1'} (43... Kh6 44. Kf3 (44. fxg6 e4 {ameaçando a dama e o mate em g5.}) 44... e4+ $1 45. Qxe4 Bh5+ 46. Kf4 Qg5#) 0-1

[Event "FIDE Candidates 2026"]
[Site "Pegeia, Cyprus"]
[Date "2026.04.08"]
[Round "9.3"]
[White "Praggnanandhaa R"]
[Black "Wei, Yi"]
[Result "1/2-1/2"]
[ECO "D50"]
[WhiteElo "2741"]
[BlackElo "2754"]
[Annotator "Tactical Analysis 7.1"]
[PlyCount "111"]
[EventDate "2026.??.??"]
[TimeControl "40/7200:1800+30"]

1. d4 Nf6 2. c4 e6 3. Nf3 d5 4. Nc3 c5 5. Bg5 cxd4 6. Nxd4 dxc4 7. e3 Be7 8. Bxc4 O-O 9. O-O Bd7 {D50: Queen's Gambit Declined: Dutch-Peruvian Gambit.} 10. Nf3 $146 ({RR} 10. Qe2 a6 (10... Nc6 11. Rfd1 Nxd4 12. Rxd4 Qc7 13. Bb5 Bxb5 14. Qxb5 a6 15. Qb3 Rac8 16. Rad1 Rfd8 {½-½ (16) Vitiugov,N (2722)-Lysyj,I (2594) Cheliabinsk 2020}) 11. Rfd1 Qc7 12. Rac1 e5 13. Nd5 Qd8 14. Nxe7+ Qxe7 15. Nf3 Bg4 16. h3 Bh5 17. g4 Bg6 18. Nh4 Nc6 19. Nxg6 hxg6 20. Bd5 Nb4 21. Bb3 e4 22. f4 Nd3 23. Rc2 Rac8 24. a3 b5 {Rossi,G-Vogel,A Zuerich 1982 0-1}) ({RR} 10. Qb3 Nc6 11. Nxc6 Bxc6 12. Rfd1 Qa5 13. Bf4 Rfd8 14. h3 h6 15. Ne2 Nd5 16. a4 Nxf4 17. Nxf4 Rxd1+ 18. Rxd1 Rd8 19. Rxd8+ Bxd8 20. Bxe6 fxe6 21. Qxe6+ Kh7 22. Qg6+ Kh8 23. Qf7 Bf6 24. Ng6+ Kh7 {Fedoseev,V (2692)-Firouzja,A (2767) chess.com INT 2024 ½-½}) 10... Nc6 11. e4 Rc8 $146 ({Predecessor:} 11... e5 12. h3 Rc8 13. a3 a6 14. Rc1 b5 15. Bb3 Rb8 16. Be3 b4 17. axb4 Bxb4 {1-0 Iniyan,P (2586)-Harika,D (2487) Chennai Quantbox-B 2025 (2)}) 12. Qe2 Ng4 13. Bf4 Bf6 14. Bd6 Re8 15. Rad1 Nge5 16. Nxe5 Bxe5 17. Bb3 Qb6 18. Bxe5 Nxe5 19. Kh1 Rcd8 20. Qh5 Nc6 21. e5 Qb4 {Against Ne4} (21... Nd4 $5) 22. Rd3 Qf4 $2 {[%eval 129,20] [%wdl 834,166,0] This one slip almost costs Wei Yi the game.} (22... Rf8 $1) (22... h6 $14 ) 23. Rf3 $1 $16 Qxe5 24. Qxf7+ Kh8 {This exchange of the f-pawn for the e-pawn would be OK for Black, if not for Praggnanandhaa's next move.} 25. Rd1 $1 {Hitting the d7-bishop. Everything now is forced $1} Bc8 {(  ...Rxd1+)} 26. h3 $1 {Praggnanandhaa has to solve the problem of the back rank before grabbing material.} Rxd1+ 27. Nxd1 Rg8 28. Re3 $1 {Again the only move to pose problems.} Qd6 29. Nc3 $1 {White is much more active.} (29. Bxe6 $2 Qxd1+ 30. Kh2 Qd6+ 31. Kg1 Rf8 $19) 29... Nd4 (29... h6 {[%eval 164,21] [%wdl 983,17,0] might work better.} 30. Re2 (30. Bxe6 Rf8 $11) 30... Nd4) 30. Ne4 $1 $18 Qe5 31. f4 $1 Qf5 32. Nd6 $1 {Introducing the threat of smothered mate $1} Qc5 (32... Qxf7 $4 33. Nxf7#) 33. Qe7 $1 {Again an only move.} (33. Nxb7 $2 Qc1+ $19) (33. Nc4 b5 34. Re5 Qb4 $19) 33... Qc1+ $1 34. Kh2 h6 {Defending against the smothered mate. [#]} 35. Re4 $1 Nxb3 36. axb3 Kh7 37. Rc4 $1 (37. Nxb7 Qd2 $16) 37... Qd2 38. Qc7 $5 {The first slight hesitation.} (38. Nxc8 $1 {is winning, but you need to see the white king will ultimately escape checks... on a2 $1} Rxc8 39. Rxc8 Qxf4+ 40. Kg1 Qe3+ 41. Kf1 Qd3+ 42. Ke1 Qe4+ 43. Kd1 Qd3+ 44. Kc1 Qf1+ 45. Kc2 Qxg2+ 46. Kb1 Qxh3 47. Ka2) (38. Rxc8 Qxf4+ 39. Kh1 Rxc8 40. Nxc8 Qc1+ 41. Kh2 Qxc8 $17) 38... b5 $1 {The best try—Wei is Praggnanandhaa's match in complications $1} 39. Re4 (39. Rc2 $1 Qxf4+ 40. g3 {is strong.}) (39. Nxb5 Ba6 40. Rc2 Qd5 41. Nxa7 Qxb3 $14) 39... Qd3 {Black keeps attacking the white pieces so that the bishop on c8 can't be captured.} 40. Re1 Qd2 41. Rf1 Ba6 {[#]} 42. Qc6 $2 {[%eval 26,20] [%wdl 8,992,0] Only this move spoils the win.} (42. b4 $1 $18 {[%eval 257,21] [%wdl 1000,0,0] is needed, giving the c5-square for the queen.} Qxb4 (42... Qd4 43. Qc2+ g6 44. Qc5 $1) 43. Qc2+ g6 44. Qc6 {and now the bishop is trapped.}) 42... Rd8 $1 $11 {The saving move $1 The bishop can't be taken without the knight falling.} 43. Nf7 (43. Nxb5 $2 Qe2 44. Qf3 Bxb5 $19) 43... Rd7 $1 44. Qe4+ (44. Qxe6 $2 Bb7 45. Qf5+ g6 46. Ng5+ hxg5 47. Qxg5 Rf7 (47... Qxb2 48. Re1 $15) 48. Qh4+ Kg7 $19) 44... g6 {[#]} 45. f5 $1 {A beautiful try for more.} (45. Qxe6 {doesn't win because of} Bb7 $1 46. Rf2 Qxf2 47. Ng5+ $1 {The only move. White has to be able to take on d7 with check.} hxg5 48. Qxd7+ Kh6 49. fxg5+ Kxg5 50. Qxb7) 45... exf5 (45... gxf5 $2 {now does lose to} 46. Qxe6 Bb7 47. Qxf5+ {and a quick checkmate.}) 46. Qe8 Qd4 $1 $132 {Yet another only move in the game. Against Qh8+. Black is not holding back} (46... Kg7 {might seem to hold, but loses to} 47. Ne5 $1 {hitting d7 and g6.}) 47. Rf3 Rc7 48. Ne5 Rg7 $1 49. Nf7 {Prevents Qe4} Rg8 50. Qe7 {White has compensation.} Qg7 $1 51. Rd3 {The position is equal.} Bc8 {Inhibits Rd7. Strongly threatening ...Rf8.} 52. Rc3 {and Rc7! would now be decisive} (52. Qxa7 $2 Be6 (52... Qxb2 53. Ng5+ {[%csl Oh7][%mdl 64] Discovered Attack (Double check)} Kh8 54. Qh7#) (52... Rf8 $2 53. Qb8 $19) 53. Qb6 Bxf7 $19) 52... Rf8 $1 {The only moves go on.} 53. Rc7 $1 {Intending Ng5+! and mate.} (53. Qxa7 $2 {perishes.} Rxf7 54. Qe3 f4 $19) 53... Kg8 $1 54. Nd6 Qxe7 55. Rxe7 a6 56. Nxc8 {The bishop finally drops, but it's only a draw. A fantastic game, but one that didn't help either player's chances. Black escapes into a draw.  Weighted Error Value: White=0.11 (very precise) /Black=0.08 (flawless)  Missed win:   	White=1   	---    Mistake:    	---    	Black=2   Inaccurate:   	White=1   	Black=1   OK:     	White=21  	Black=24   Best:    	White=6   	Black=7   Strong:    	White=2   	Black=3} 1/2-1/2

[Event "FIDE Candidates 2026"]
[Site "Pegeia, Cyprus"]
[Date "2026.04.08"]
[Round "9.4"]
[White "Bluebaum, Matthias"]
[Black "Sindarov, Javokhir"]
[Result "1/2-1/2"]
[ECO "D37"]
[WhiteElo "2698"]
[BlackElo "2745"]
[Annotator "Tactical Analysis 7.1"]
[PlyCount "119"]
[EventDate "2026.??.??"]
[TimeControl "40/7200:1800+30"]

1. d4 d5 2. c4 e6 3. Nf3 Nf6 4. Nc3 Be7 5. Bf4 dxc4 {A very rare move that surprises Bluebuam.} ({10,000 top-level games have featured} 5... O-O 6. e3) 6. e4 {D37: Queen's Gambit Declined: 5 Bf4.} b5 7. Nxb5 Bb4+ 8. Bd2 {White is slightly better.} Bxd2+ 9. Nxd2 O-O $146 {The position is already new.} ({Predecessor: RR} 9... a6 10. Nc3 Qxd4 11. Nxc4 e5 12. f3 Be6 13. Qa4+ Nfd7 14. Rd1 Qc5 15. Nd5 O-O {1-0 Lubbe,N (2500)-Fries Nielsen,J (2375) Fredericia 2016 (4)} 16. Be2 c6 17. Nde3 a5 18. Kf2 Nb6 19. Qc2 N8d7 20. Rd2 a4 21. Rhd1 Ra7 22. Qc3 g6 23. Rc1 Nc8 24. a3 {Lubbe,N (2500)-Fries Nielsen,J (2375) Fredericia 2016 1-0 (58)}) 10. Bxc4 $5 {[%eval 28,18] [%wdl 29,969,2] White is more active.} (10. e5 $1 $16 {[%eval 94,19] [%wdl 425,575,0] is given by the computer, but Sindarov of course had something prepared here e.g.} Nd5 11. Bxc4 Bb7) (10. Nxc4 $6 Nxe4 11. Bd3 Bb7 $11) 10... a6 $11 11. Nc3 {Nb3 is the strong threat.} Qxd4 12. Qe2 Bb7 13. O-O-O $5 {Here it was Sindarov's turn to be surprised, as he felt this wasn't in Bluebaum's style.} (13. O-O {is a very playable alternative.}) 13... Qb6 14. f4 Nbd7 15. g4 $5 (15. Bd3 {is safer.}) 15... Nc5 16. g5 Ne8 {...Nd6 is in the air} 17. Bb3 $2 {[%eval -91,17] [%wdl 0,614,386] \"A horrible move, I didn’t want to play it,\" said Bluebaum, who said he couldn't believe in the correct} (17. h4 $1 $11 {[%eval -19,18] [%wdl 3,979,18] remains equal.} Nd6 18. h5 $1 {Bluebaum didn't think he could defend this position, but it seems objectively it's OK for White.}) 17... Nd6 $17 18. Bc2 a5 (18... Bc6 $1 {immediately is stronger, but Sindarov will open up the b-file this way soon.}) 19. Nc4 (19. Nb3 $1 {is a better defense.}) 19... Nxc4 20. Qxc4 Rfb8 21. Qd4 $2 {[%eval -142,16] [%wdl 0,90,910] [#]} ({White should try} 21. b3 $1 {[%eval -84,18] [%wdl 0,707,293] is needed.}) 21... Bc6 $1 22. b3 (22. Ne2 $17 ) 22... a4 $1 $19 {This is the point at which Bluebaum thought he had around a 90 percent chance of losing.} 23. Nxa4 (23. b4 {[%eval -183,17] [%wdl 0,10,990] is the sad \"defense\" suggested by the computer, simply giving up a pawn. was the only defense.} Qxb4 24. Qxb4 Rxb4 25. Rhe1) 23... Nxa4 24. bxa4 {[#]} Bxa4 $2 {[%eval -21,20] [%wdl 1,992,7] If Sindarov doesn't win the 2026 FIDE Candidates we may look back on this move as a huge turning point.} (24... Qa5 {is a strong move Sindarov was considering to avoid the queen trade, and it leaves Black on the verge of victory—the a-pawn is going nowhere.}) (24... Qb7 $1 {is less intuitive, but seems to be a clincher, combining threats along the b-file and the a8-h1 diagonal.}) 25. Qxb6 $11 {Bluebaum very gratefully accepts the transition into an endgame where there are excellent chances to hold.} cxb6 26. Bb3 Bxb3 27. axb3 {Endgame KRR-KRR} Ra2 28. Kb1 Rba8 29. f5 $1 {This is the move Sindarov said he'd overlooked, after which he realized he wouldn't be able to win, though an alternative for White is} (29. Rd8+ $1 Rxd8 30. Kxa2 $15 Rd4 31. Re1 Kf8 {and he should also hold. Sindarov felt he would have been winning if he had an extra tempo to play ...g6, but this Rd8+ trick also saves the day there.}) 29... exf5 {Now the game fizzles out into a draw.} 30. exf5 {The position is equal.} R2a5 31. Rhf1 g6 32. fxg6 hxg6 33. h4 Ra2 34. Rd8+ {Deflection} Rxd8 35. Kxa2 {KR-KR} Rd4 36. Rh1 b5 37. Kb2 b4 38. Kc2 Kg7 39. Rh2 f5 40. gxf6+ Kxf6 41. Rh1 Kf7 42. Rh2 Kg8 43. h5 g5 44. h6 Rh4 45. Rg2 g4 46. Kd3 Kh7 47. Ke4 Kxh6 48. Kf5 Rh5+ 49. Kf4 Rh3 50. Kxg4 Rxb3 51. Kf4 Rc3 52. Rb2 b3 53. Ke4 Rc4+ 54. Kd3 Rb4 55. Kc3 Rb8 56. Rb1 b2 57. Kc2 Rc8+ 58. Kxb2 Rb8+ 59. Kc2 Rxb1 60. Kxb1 {Weighted Error Value: White=0.19 (very precise) /Black=0.11 (very precise)  Missed win:   	---    	Black=1   Mistake:    	White=5   	---    Inaccurate:   	White=4   	Black=3   OK:     	White=22  	Black=23   Best:    	White=3   	Black=1   Strong:    	---    	Black=2} 1/2-1/2